[Event "Early-Titled-Tuesday-Blitz-May-07-2024"]
[Site "Chess.com"]
[Date "2024.05.07"]
[Round "2"]
[White "enriquebutti"]
[Black "TheoSlade"]
[Result "0-1"]
[WhiteElo "2179"]
[BlackElo "2476"]
[TimeControl "180+1"]
[EndTime "8:17:55 PDT"]
[Termination "TheoSlade won by resignation"]

1. e4 e5 2. Nf3 Nc6 3. Bb5 g6 4.
d4 exd4 5. c3 a6 6. Bxc6 dxc6 7.
cxd4 Bg4 8. Be3 Bxf3 9. gxf3 Bg7 10. Nc3 Ne7 11. Qd2 Qd6 12. O-O-O O-O-O 13. Ne2 Rhe8 14. Bf4 Qe6 15. Kb1 f5 16. Qc2 fxe4 17. fxe4 Rf8 18. d5 Qf6 19. Bg3 Rd7 20. Nf4 cxd5 21. Nxd5 Nxd5 22. Rxd5 Rfd8 23. Rhd1 Qe6 24. Rxd7 Rxd7 25.
Rxd7 Qxd7 26. e5 Qd5 27. a3 Bxe5 0-1

[Event "Early-Titled-Tuesday-Blitz-May-07-2024"]
[Site "Chess.com"]
[Date "2024.05.07"]
[Round "2"]
[White "lamomiajunior"]
[Black "emeli_chess"]
[Result "1-0"]
[WhiteElo "2818"]
[BlackElo "2414"]
[TimeControl "180+1"]
[EndTime "8:17:56 PDT"]
[Termination "lamomiajunior won by resignation"]

1. d4 Nf6 2. Nc3 d5 3. Bf4 c5 4.
e4 cxd4 5. Qxd4 Nc6 6. Bb5 Bd7 7. Bxc6 Bxc6 8. e5 Ne4 9. e6 fxe6 10. Nge2 Qb6 11. Nxe4 dxe4 12. O-O-O Qxd4 13. Nxd4 Rc8 14. Nxe6 Kf7 15. Nd4 g6 16. Rhe1 Bg7 17. Nxc6 Rxc6 18. Rxe4 Rhc8 19. c3 Bf6 20. Rd7 Rb6 21. g4 g5 22. Be3 Rb5 23. a4 Ra5 24. Rxb7 a6 25. f4 gxf4 26. Bxf4 Rd5 27. g5 Bxg5 28. Bxg5 Rxg5 29.
Rexe7+ Kf6 30. Rf7+ Ke6 31. Rxh7 Rg2 32. Rh6+ Kd5 33.
Rxa6 Kc4 34. Rb4+ Kd3 35. Rd6+ Ke3 36. Kb1 Rxh2 37. a5 Rc5 38. a6 Ra5 39. Rbd4 Rh1+ 40.
Kc2 Rha1 41. Kb3 Rxa6 42. Rxa6 Rxa6 43. Rd8 Ke4 44. c4 Ke5 45. c5 Ke6 46. Kc4 Ke7 47.
Rd2 Ra8 48. c6 1-0

[Event "Early-Titled-Tuesday-Blitz-May-07-2024"]
[Site "Chess.com"]
[Date "2024.05.07"]
[Round "2"]
[White "Aleksandar-Topalov"]
[Black "Grossboss19"]
[Result "1-0"]
[WhiteElo "2404"]
[BlackElo "2620"]
[TimeControl "180+1"]
[EndTime "8:17:56 PDT"]
[Termination "Aleksandar-Topalov won by resignation"]

1. b3 b5 2. Bb2 a6 3. Nf3 Bb7 4. c4 Nf6 5. e3 bxc4 6. bxc4 e6 7.
Be2 Be7 8. O-O O-O 9. d3 c5 10. Nbd2 Nc6 11. Rb1 Rb8 12. Qa4 Qc7 13. Bc3 d6 14.
Rb3 Bc8 15. Rfb1 Rxb3 16. Qxb3 Nd7 17. d4 Rd8 18. Qb2 Bf6 19. Ne4 cxd4 20. Nxf6+ Nxf6 21. exd4 d5 22. c5 Ne4 23. Be1 e5 24. Qb6 Qxb6 25.
cxb6 Bb7 26. dxe5 d4 27. Rd1 Nc5 28. Bc4 Na5 29. Bxa5 d3 30. Bb4 Rc8 31. Bxc5 Rxc5 32. Bxd3 Rd5 33. Be2 1-0

[Event "Early-Titled-Tuesday-Blitz-May-07-2024"]
[Site "Chess.com"]
[Date "2024.05.07"]
[Round "2"]
[White "Goffredo_Fofi"]
[Black "RebecaJimnz"]
[Result "1-0"]
[WhiteElo "2523"]
[BlackElo "2309"]
[TimeControl "180+1"]
[EndTime "8:17:56 PDT"]
[Termination "Goffredo_Fofi won by resignation"]

1. e4 c5 2. d3 Nc6 3. g3 g6 4. Bg2 Bg7 5. f4 d6 6. Nf3 Nf6 7. O-O O-O 8. h3 Rb8 9. g4 b5 10. Nc3 b4 11. Ne2 Bb7 12. Be3 a5 13. Rb1 a4 14. b3 axb3 15. axb3 Ra8 16. Qe1 Ra2 17. Rc1 Qa5 18. f5 Ra8 19. Nf4 Nd7 20.
Nd5 Nb6 21. fxg6 hxg6 22. Ng5 Nxd5 23. exd5 Ne5 24. Qh4 Qa3 25. Qh7+ Kf8 26. Ne6+ Ke8 27. Qxg7 fxe6 28. dxe6 Kd8 29. Rf8+ Kc7 30. Qxe7+ 1-0

[Event "Early-Titled-Tuesday-Blitz-May-07-2024"]
[Site "Chess.com"]
[Date "2024.05.07"]
[Round "2"]
[White "MaiqMaster"]
[Black "ChEsper99"]
[Result "0-1"]
[WhiteElo "2480"]
[BlackElo "2277"]
[TimeControl "180+1"]
[EndTime "8:17:56 PDT"]
[Termination "ChEsper99 won by resignation"]

1. e4 c6 2. Nf3 d5 3. d3 g6 4.
Nbd2 Bg7 5. g3 e5 6. Bg2 Ne7 7.
O-O O-O 8. c3 dxe4 9. dxe4 h6 10. a4 a5 11. Nc4 Qc7 12. Be3 Nd7 13. Qd6 Qxd6 14. Nxd6 f5 15. exf5 Nxf5 16. Nxf5 gxf5 17. Rad1 e4 18. Nd4 Ne5 19. Bf4 Nd3 20. Rd2 Bxd4 21. cxd4 Nxf4 22. gxf4 Be6 23. Kh1 Bd5 24. Re1 Rfe8 25.
Re3 Kf7 26. Bh3 Kf6 27. Rd1 Rg8 28. Rg1 Rxg1+ 29. Kxg1 Ra6 30. Rc3 Rb6 31. b3 Rxb3 32. Rc5 Rxh3 0-1

[Event "Early-Titled-Tuesday-Blitz-May-07-2024"]
[Site "Chess.com"]
[Date "2024.05.07"]
[Round "2"]
[White "ckgchess"]
[Black "karinachess1"]
[Result "1-0"]
[WhiteElo "2908"]
[BlackElo "2609"]
[TimeControl "180+1"]
[EndTime "8:17:58 PDT"]
[Termination "ckgchess won by resignation"]

1. e4 e5 2. Nf3 Nc6 3. Bc4 Bc5 4. c3 Nf6 5. d4 exd4 6. cxd4 Bb4+ 7. Nbd2 d5 8. exd5 Nxd5 9. O-O O-O 10. a3 Be7 11.
Re1 Bg4 12. h3 Bh5 13. Ba2 Bf6 14. Qb3 Nb6 15. d5 Ne7 16. g4 Bg6 17. g5 Nexd5 18.
gxf6 Qxf6 19. Ne4 Bxe4 20. Rxe4 Rae8 21. Rg4 h5 22. Rg3 Re2 23. Qd3 Rfe8 24. Bxd5 Qd6 25.
Bxf7+ Kxf7 26. Ng5+ Kf6 27. Rf3+ 1-0

[Event "Early-Titled-Tuesday-Blitz-May-07-2024"]
[Site "Chess.com"]
[Date "2024.05.07"]
[Round "2"]
[White "RebelJohnny"]
[Black "francyIM"]
[Result "1-0"]
[WhiteElo "2573"]
[BlackElo "2798"]
[TimeControl "180+1"]
[EndTime "8:17:58 PDT"]
[Termination "RebelJohnny won by resignation"]

1. e4 g6 2. d4 Bg7 3. Nc3 d5 4.
exd5 Nf6 5. Bc4 Nbd7 6. Bg5 Nb6 7. Bxf6 Bxf6 8. Bb3 a5 9. a3 O-O 10. Nf3 a4 11.
Ba2 Bg4 12. h3 Bxf3 13. Qxf3 Bxd4 14. O-O-O Bxc3 15. Qxc3 Qd6 16. Kb1 Rfd8 17. h4 e5 18. h5 Nd7 19. hxg6 hxg6 20. f4 Re8 21. Qh3 Qf6 22.
Qxd7 exf4 23. d6 Rad8 24. Qxc7 Kg7 25. Bxf7 Rc8 26. Bxe8+ 1-0

[Event "Early-Titled-Tuesday-Blitz-May-07-2024"]
[Site "Chess.com"]
[Date "2024.05.07"]
[Round "2"]
[White "Franmu14"]
[Black "vanyakuba"]
[Result "1-0"]
[WhiteElo "2710"]
[BlackElo "2401"]
[TimeControl "180+1"]
[EndTime "8:18:02 PDT"]
[Termination "Franmu14 won by resignation"]

1. e4 d5 2. exd5 Qxd5 3. Nc3 Qa5 4. d4 Nf6 5. Bc4 Bg4 6. Nf3 Nc6 7. h3 Bh5 8. g4 Bg6 9. Be3 O-O-O 10. Qe2 e6 11.
O-O Bb4 12. a3 Bxc3 13. bxc3 Qxc3 14. Rab1 Qxc2 15. Bd2 Nxd4 16. Nxd4 Rxd4 17. Ba6 Qxd2 18. Bxb7+ Kd8 19. Qa6 Bxb1 20. Qxa7 Bd3 21. Qxd4+ Nd5 22. Bxd5 exd5 23. Rb1 Bxb1 24. Qxd2 c6 25. Qb2 Be4 26. Qb8+ Kd7 27. Qxh8 c5 28. Qxg7 c4 29. Qxf7+ 1-0

[Event "Early-Titled-Tuesday-Blitz-May-07-2024"]
[Site "Chess.com"]
[Date "2024.05.07"]
[Round "2"]
[White "Agibileg"]
[Black "Aswathchess"]
[Result "1-0"]
[WhiteElo "2910"]
[BlackElo "2612"]
[TimeControl "180+1"]
[EndTime "8:18:03 PDT"]
[Termination "Agibileg won by resignation"]

1. d4 Nf6 2. c4 c5 3. d5 e6 4. Nc3 exd5 5. cxd5 d6 6. e4 g6 7. h3 Bg7 8. Bd3 O-O 9. Nf3 b5 10. Nxb5 Re8 11. O-O Nxe4 12. Bxe4 Rxe4 13. Bg5 Qd7 14.
Nc3 Re8 15. Re1 Ba6 16. Qd2 Rxe1+ 17. Rxe1 Qc8 18. Ne4 Nd7 19. Nxd6 Qb8 20. Qf4 f6 21. Re7 Qd8 22. Qe3 Nf8 23. Bf4 g5 24. Bg3 Rb8 25.
Nf5 1-0

[Event "Early-Titled-Tuesday-Blitz-May-07-2024"]
[Site "Chess.com"]
[Date "2024.05.07"]
[Round "2"]
[White "K_A_S_T_O_R"]
[Black "banane_verte"]
[Result "1-0"]
[WhiteElo "2885"]
[BlackElo "2600"]
[TimeControl "180+1"]
[EndTime "8:18:08 PDT"]
[Termination "K_A_S_T_O_R won by checkmate"]

1. e4 e6 2. d4 d5 3. Nc3 Nf6 4.
e5 Nfd7 5. Nce2 c5 6. c3 Nc6 7. f4 a5 8. a4 Qb6 9. Nf3 cxd4 10.
cxd4 Bb4+ 11. Nc3 O-O 12. Bb5 Na7 13. Bd3 Qc6 14. Bd2 g6 15. h4 Re8 16. h5 Nf8 17. Nb5 Bd7 18. Bxb4 axb4 19. Rc1 Qb6 20. Nc7 Nc6 21. Nxa8 Rxa8 22. Bb5 Na5 23. Bxd7 Nxd7 24. b3 Qa6 25. hxg6 hxg6 26. Kf2 Nf8 27. Rh4 Kg7 28. Qc2 b5 29. axb5 Qxb5 30. Rch1 Nc4 31. bxc4 dxc4 32. f5 b3 33. Qc1 Ra2+ 34. Kg3 Nh7 35. Qh6+ Kg8 36. f6 Rxg2+ 37. Kxg2 b2 38. Qg7# 1-0

[Event "Early-Titled-Tuesday-Blitz-May-07-2024"]
[Site "Chess.com"]
[Date "2024.05.07"]
[Round "2"]
[White "bilelou"]
[Black "pauliukevicius"]
[Result "0-1"]
[WhiteElo "2633"]
[BlackElo "2418"]
[TimeControl "180+1"]
[EndTime "8:18:08 PDT"]
[Termination "pauliukevicius won by resignation"]

1. e4 e5 2. Qh5 Nc6 3. Bc4 g6 4. Qf3 Nf6 5. Ne2 Bg7 6. d3 d6 7. Bb3 Bg4 8. Qe3 h5 9. O-O Bh6 10. f4 Bxe2 11. Qxe2 Nd4 12. Qe1 exf4 13. e5 Ng4 14.
exd6+ Kf8 15. Bxf4 Bxf4 16. Rxf4 Nxb3 17. axb3 Qxd6 18.
Raa4 Re8 19. Qf1 Qb6+ 20. Kh1 Rh7 21. Nc3 Ne3 22. Qf2 Nd5 23. Qxb6 axb6 24. Rfe4 Rxe4 25. dxe4 Nxc3 26. bxc3 Ke7 27. Ra7 Kd6 28. Rxb7 Rh8 29. e5+ Kc6 30. Ra7 Re8 31. h3 Rxe5 32. Ra4 Re2 33. Rc4+ Kd6 34. Rd4+ Ke7 35. Rc4 c5 36. b4 Rxc2 37. bxc5 bxc5 38. Rf4 Rxc3 0-1

[Event "Early-Titled-Tuesday-Blitz-May-07-2024"]
[Site "Chess.com"]
[Date "2024.05.07"]
[Round "2"]
[White "Levanzovsky"]
[Black "LamaChampetre"]
[Result "1-0"]
[WhiteElo "2490"]
[BlackElo "2240"]
[TimeControl "180+1"]
[EndTime "8:18:11 PDT"]
[Termination "Levanzovsky won on time"]

1. c4 c5 2. Nc3 Nc6 3. Nf3 g6 4. e3 Bg7 5. d4 cxd4 6. exd4 d6 7.
d5 Ne5 8. Nxe5 Bxe5 9. Bd3 e6 10.
O-O Nf6 11. Bh6 exd5 12. Bg7 Bxh2+ 13. Kxh2 Ng4+ 14. Kg1 Qh4 15. Re1+ Be6 16. Qf3 Rg8 17. cxd5 Qh2+ 18. Kf1 Qh4 19. Bb5+ Kd8 20. Qg3 1-0

[Event "Early-Titled-Tuesday-Blitz-May-07-2024"]
[Site "Chess.com"]
[Date "2024.05.07"]
[Round "2"]
[White "AcostaPablo"]
[Black "RobertoJBM"]
[Result "0-1"]
[WhiteElo "2606"]
[BlackElo "2896"]
[TimeControl "180+1"]
[EndTime "8:18:12 PDT"]
[Termination "RobertoJBM won by resignation"]

1. e4 c6 2. Nf3 d5 3. Nc3 dxe4 4. Nxe4 Bg4 5. h3 Bxf3 6. Qxf3 Nd7 7. d3 Ngf6 8. Be2 e6 9. O-O Be7 10. Qg3 O-O 11.
Bh6 Ne8 12. f4 f5 13. Bh5 Bh4 14. Qe3 fxe4 15. Bxe8 Rxe8 16. Bg5 Bxg5 17. fxg5 exd3 18. Qxd3 Nf8 19. Qg3 Qe7 20. Rae1 Rad8 21. h4 Qd6 22. Qf3 Qd4+ 23. Re3 Qxh4 24. Qf7+ Kh8 25. g6 Nxg6 26. Rh3 Qg5 0-1

[Event "Early-Titled-Tuesday-Blitz-May-07-2024"]
[Site "Chess.com"]
[Date "2024.05.07"]
[Round "2"]
[White "alpope"]
[Black "Iball95"]
[Result "0-1"]
[WhiteElo "2521"]
[BlackElo "2921"]
[TimeControl "180+1"]
[EndTime "8:18:16 PDT"]
[Termination "Iball95 won by resignation"]

1. e4 c5 2. Ne2 e6 3. g3 d5 4. Bg2 Nc6 5. exd5 exd5 6. d4 Nf6 7. O-O cxd4 8. Nxd4 Bg4 9. Qd3 Be7 10. Nf5 O-O 11.
Nxe7+ Qxe7 12. Nc3 d4 13. Ne4 Bf5 14. Nxf6+ Qxf6 15.
Qd2 Rad8 16. c3 dxc3 17. Qxc3 Nd4 18. Kh1 Rc8 19. Bg5 Qb6 20. Qe3 Rfe8 21. Qf4 h6 22. Rad1 Rc4 23. Bh4 g5 24. Rxd4 gxf4 25. Rxc4 Bd3 26. Rxf4 Bxf1 27. Bxf1 Re1 28. Kg2 Qc6+ 29.
f3 Qc2+ 0-1

[Event "Early-Titled-Tuesday-Blitz-May-07-2024"]
[Site "Chess.com"]
[Date "2024.05.07"]
[Round "2"]
[White "FMOlexandrProhorov"]
[Black "Golubovsky"]
[Result "1-0"]
[WhiteElo "2292"]
[BlackElo "2492"]
[TimeControl "180+1"]
[EndTime "8:18:16 PDT"]
[Termination "FMOlexandrProhorov won by checkmate"]

1. Nf3 Nf6 2. d4 e6 3. c4 b6 4. g3 Bb7 5. Bg2 Be7 6. O-O O-O 7. Qc2 Ne4 8. Rd1 f5 9. d5 exd5 10. cxd5 Na6 11. Nc3 Nxc3 12. bxc3 Nc5 13. c4 Bf6 14. Bb2 Qe7 15. Nd4 g6 16. d6 cxd6 17. Bxb7 Nxb7 18. Nb5 Bxb2 19. Qxb2 Rfe8 20. Nc7 Na5 21. Nxa8 Rxa8 22. Qd2 Rc8 23. Qxd6 Qxd6 24. Rxd6 Rc7 25. Rad1 Rxc4 26. Rxd7 Nc6 27. Rc7 Ne5 28. Rd8# 1-0

[Event "Early-Titled-Tuesday-Blitz-May-07-2024"]
[Site "Chess.com"]
[Date "2024.05.07"]
[Round "2"]
[White "praveenb2002"]
[Black "guillembaches"]
[Result "1-0"]
[WhiteElo "2858"]
[BlackElo "2581"]
[TimeControl "180+1"]
[EndTime "8:18:17 PDT"]
[Termination "praveenb2002 won on time"]

1. c4 e6 2. Nc3 d5 3. d4 a6 4. cxd5 exd5 5. Bf4 Nf6 6. e3 c5 7. Nf3 c4 8. Ne5 b5 9. g4 Bb7 10. g5 Ne4 11. Nxe4 dxe4 12. Bh3 Bb4+ 13. Kf1 Bd5 14. Rg1 O-O 15. a4 Nc6 16. Nd7 Re8 17. axb5 axb5 18. Rxa8 Qxa8 19. Nf6+ gxf6 20. gxf6+ Kh8 21. Rg7 Bf8 22. Qg4 1-0

[Event "Early-Titled-Tuesday-Blitz-May-07-2024"]
[Site "Chess.com"]
[Date "2024.05.07"]
[Round "2"]
[White "akanga001"]
[Black "lcmil"]
[Result "0-1"]
[WhiteElo "2162"]
[BlackElo "2464"]
[TimeControl "180+1"]
[EndTime "8:18:17 PDT"]
[Termination "lcmil won by resignation"]

1. d4 Nf6 2. Nf3 g6 3. Bg5 Bg7 4. e3 Ne4 5. Bf4 c5 6. c3 Qb6 7.
Qc1 d5 8. Nbd2 Bf5 9. a4 Nc6 10. Be2 cxd4 11. exd4 Rc8 12. Bb5 O-O 13. Bxc6 Rxc6 14. O-O a5 15. Ne5 Rcc8 16. Nxe4 dxe4 17. Qd2 Rfd8 18. g4 Be6 19. h3 f6 20. Be3 fxe5 21. dxe5 Rxd2 22. Bxb6 Rxb2 23. Bxa5 Bxe5 24. Bb4 Bxc3 25.
Bxe7 e3 26. Bh4 e2 27. Rfc1 Rd2 28. f4 Bd4+ 29. Bf2 Rxc1+ 30. Rxc1 Rd1+ 31. Kg2 Bd5+ 0-1

[Event "Early-Titled-Tuesday-Blitz-May-07-2024"]
[Site "Chess.com"]
[Date "2024.05.07"]
[Round "2"]
[White "Boxerandchessplayer"]
[Black "ubdip"]
[Result "0-1"]
[WhiteElo "2230"]
[BlackElo "2491"]
[TimeControl "180+1"]
[EndTime "8:18:23 PDT"]
[Termination "ubdip won by resignation"]

1. d4 d5 2. c4 c6 3. cxd5 cxd5 4.
Nc3 Nc6 5. Nf3 Nf6 6. Bf4 a6 7. e3 Bf5 8. Bd3 Bxd3 9. Qxd3 e6 10. O-O Bd6 11. Bxd6 Qxd6 12. a3 O-O 13. Na4 Ne4 14. Nd2 f5 15. Rfc1 Rf6 16. f3 Rh6 17. fxe4 Qxh2+ 18. Kf2 fxe4 19. Nxe4 Rf8+ 20. Ke1 Qxg2 21.
Qe2 Qxe4 22. Nc5 Qh4+ 23. Kd1 Rf2 24. Qd3 Qh1+ 0-1

[Event "Early-Titled-Tuesday-Blitz-May-07-2024"]
[Site "Chess.com"]
[Date "2024.05.07"]
[Round "2"]
[White "manitodeplomo"]
[Black "OparinGrigoriy"]
[Result "0-1"]
[WhiteElo "2630"]
[BlackElo "2982"]
[TimeControl "180+1"]
[EndTime "8:18:24 PDT"]
[Termination "OparinGrigoriy won by resignation"]

1. d4 Nf6 2. c4 e6 3. Nf3 b6 4. g3 Ba6 5. Qc2 c5 6. d5 exd5 7. cxd5 Bb7 8. Bg2 Nxd5 9. O-O Be7 10. Ne5 Qc7 11. Qe4 Nc6 12. Qxd5 Nd8 13. Qxd7+ Qxd7 14. Nxd7 Bxg2 15. Kxg2 Kxd7 16. Rd1+ Kc6 17. Nc3 Ne6 18. Nd5 Rhe8 19. Nxe7+ Rxe7 20. b3 a5 21. Bb2 a4 22. e4 Kb5 23. Bc3 axb3 24. axb3 Rxa1 25. Rxa1 Rd7 26. Rc1 Rd3 27. Kf1 Nd4 28. Bxd4 Rxd4 29. Re1 Kb4 30. e5 b5 31. e6 fxe6 32.
Rxe6 Kxb3 33. Re7 c4 34. Rxg7 c3 0-1

[Event "Early-Titled-Tuesday-Blitz-May-07-2024"]
[Site "Chess.com"]
[Date "2024.05.07"]
[Round "2"]
[White "Polish_fighter3000"]
[Black "profedechess93"]
[Result "1-0"]
[WhiteElo "3097"]
[BlackElo "2653"]
[TimeControl "180+1"]
[EndTime "8:18:25 PDT"]
[Termination "Polish_fighter3000 won by resignation"]

1. g3 d5 2. Bg2 Nf6 3. f4 c5 4. Nf3 Bg4 5. d3 Bxf3 6. Bxf3 Nc6 7. c3 e6 8. e4 Qc7 9. Qe2 O-O-O 10. O-O dxe4 11.
dxe4 e5 12. Na3 h5 13. Nb5 Qb6 14. a4 a6 15. Na3 h4 16. Nc4 Qc7 17. a5 hxg3 18.
hxg3 Be7 19. Bg4+ Nxg4 20. Qxg4+ Kb8 21. fxe5 Ka7 22. Rxf7 Nxe5 23. Nxe5 Qxe5 24. Bf4 Rh1+ 25. Kxh1 Qxe4+ 26. Kg1 Bd6 27. Qf5 Qe2 28. Bxd6 Rh8 29. Bxc5+ 1-0

[Event "Early-Titled-Tuesday-Blitz-May-07-2024"]
[Site "Chess.com"]
[Date "2024.05.07"]
[Round "2"]
[White "moro182"]
[Black "VacheH009"]
[Result "1-0"]
[WhiteElo "2859"]
[BlackElo "2582"]
[TimeControl "180+1"]
[EndTime "8:18:27 PDT"]
[Termination "moro182 won on time"]

1. d4 Nf6 2. Bf4 d5 3. e3 e6 4.
Nf3 c5 5. Nbd2 Nc6 6. c3 cxd4 7. exd4 Nh5 8. Be3 Bd6 9. Bd3 Nf4 10. Bxf4 Bxf4 11.
O-O O-O 12. g3 Bd6 13. Qc2 g6 14. h4 Qc7 15. h5 Bd7 16. Rae1 Rac8 17. Qb1 Ne7 18.
Ne5 Be8 19. f4 f6 20. hxg6 hxg6 21. Nxg6 Nxg6 22. Bxg6 Qg7 23. f5 exf5 24. Rxe8 Rcxe8 25. Qxf5 Rd8 26. Qxd5+ Kh8 27. Qh5+ Kg8 28. Ne4 f5 29. Ng5 Rf6 30. Bh7+ Kf8 31. Bxf5 Ke7 32. Re1+ Kf8 33.
Nh7+ Kg8 34. Nxf6+ Qxf6 35. Re6 Qg7 36. Rg6 1-0

[Event "Early-Titled-Tuesday-Blitz-May-07-2024"]
[Site "Chess.com"]
[Date "2024.05.07"]
[Round "2"]
[White "alexrustemov"]
[Black "KChor05"]
[Result "1-0"]
[WhiteElo "2957"]
[BlackElo "2623"]
[TimeControl "180+1"]
[EndTime "8:18:28 PDT"]
[Termination "alexrustemov won by resignation"]

1. d4 Nf6 2. c4 g6 3. Nf3 Bg7 4. g3 O-O 5. Bg2 d5 6. cxd5 Nxd5 7. O-O c6 8. e4 Nb6 9. h3 N8d7 10. e5 c5 11. Bf4 Nd5 12. Bg5 h6 13. Bc1 e6 14.
dxc5 Nxe5 15. Nxe5 Bxe5 16. Bxh6 Re8 17. Nc3 Nxc3 18.
bxc3 Qc7 19. Rb1 Bxc3 20. Qd6 Re7 21. Bf4 e5 22. Bg5 Rd7 23. Qf6 Qxc5 24. Rfc1 Rd6 25. Rxc3 Qxc3 26. Qxd6 Bf5 27. Rc1 Qb2 28. Qf6 1-0

[Event "Early-Titled-Tuesday-Blitz-May-07-2024"]
[Site "Chess.com"]
[Date "2024.05.07"]
[Round "2"]
[White "AsaHoffmann"]
[Black "Byniolus"]
[Result "0-1"]
[WhiteElo "2409"]
[BlackElo "2805"]
[TimeControl "180+1"]
[EndTime "8:18:31 PDT"]
[Termination "Byniolus won by checkmate"]

1. d4 d6 2. e4 Nf6 3. f3 Nbd7 4. Be3 e5 5. Ne2 Be7 6. Nbc3 O-O 7. Qd2 c6 8. g4 b5 9. Ng3 Nb6 10. g5 Ne8 11. h4 Nc7 12. a3 a5 13. O-O-O b4 14.
Nb1 exd4 15. Bxd4 c5 16. Be3 d5 17. e5 d4 18. Bf2 Ncd5 19. f4 Na4 20. Bb5 Nac3 21.
bxc3 bxc3 22. Qd3 Nxf4 23. Qe4 Qb6 24. a4 Ba6 25. Nxc3 dxc3 26. Qc6 Qxc6 27. Bxc6 Rab8 28. Nf5 Ne2# 0-1

[Event "Early-Titled-Tuesday-Blitz-May-07-2024"]
[Site "Chess.com"]
[Date "2024.05.07"]
[Round "2"]
[White "slorovel"]
[Black "Rodalquilar"]
[Result "0-1"]
[WhiteElo "2505"]
[BlackElo "2738"]
[TimeControl "180+1"]
[EndTime "8:18:32 PDT"]
[Termination "Rodalquilar won on time"]

1. e4 d5 2. exd5 Qxd5 3. Nc3 Qa5 4. Nf3 Nf6 5. d4 Bf5 6. Bd3 Nbd7 7. Bxf5 Qxf5 8. O-O e6 9. Qe2 c6 10. Ne5 Nxe5 11.
dxe5 Ng4 12. f4 Bc5+ 13. Kh1 O-O-O 14. Ne4 Qxe4 15. Qxg4 Qxc2 16. f5 exf5 17. Qh3 h6 18. Bf4 Qd3 19. Qh5 g6 20. Qf3 Qxf3 21. gxf3 g5 22.
Bg3 Rd2 23. Rac1 Be3 24. Rfe1 f4 0-1

[Event "Early-Titled-Tuesday-Blitz-May-07-2024"]
[Site "Chess.com"]
[Date "2024.05.07"]
[Round "2"]
[White "SharapovEvgeny"]
[Black "Heinza9"]
[Result "1-0"]
[WhiteElo "2629"]
[BlackElo "2353"]
[TimeControl "180+1"]
[EndTime "8:18:32 PDT"]
[Termination "SharapovEvgeny won by resignation"]

1. e4 e5 2. Nf3 Nc6 3. Bb5 f5 4.
Bxc6 dxc6 5. Nc3 Bd6 6. Qe2 Qe7 7. d3 Nf6 8. Bd2 O-O 9. O-O-O b5 10. exf5 Bxf5 11.
Ne4 Nd5 12. h3 Bxe4 13. dxe4 Nf4 14. Bxf4 Rxf4 15. Kb1 Raf8 16. Rd3 a5 17. Rf1 a4 18. Nh2 Qe6 19. Ng4 Qc4 20. f3 a3 21. b3 Qc5 22. Ne3 g6 23. Rfd1 R4f7 24. Ng4 Kh8 25. Qe3 Re8 26. Qxc5 Bxc5 27. Rd8 Rff8 28. Rxe8 Rxe8 29.
Rd7 Bd6 30. Rxh7+ Kxh7 31. Nf6+ Kh6 32. Nxe8 Kg5 33. Nxd6 cxd6 34. g3 d5 35. exd5 cxd5 36. Kc1 e4 37. fxe4 dxe4 38. Kd2 Kf5 39. c4 1-0

[Event "Early-Titled-Tuesday-Blitz-May-07-2024"]
[Site "Chess.com"]
[Date "2024.05.07"]
[Round "2"]
[White "Yeritsyaan"]
[Black "AccioChess"]
[Result "1-0"]
[WhiteElo "2713"]
[BlackElo "2435"]
[TimeControl "180+1"]
[EndTime "8:18:34 PDT"]
[Termination "Yeritsyaan won by resignation"]

1. Nf3 Nf6 2. g3 g6 3. Bg2 Bg7 4. O-O O-O 5. d3 d5 6. Nbd2 c5 7. e4 Nc6 8. c3 Bg4 9. h3 Bxf3 10. Qxf3 e6 11. Qe2 b5 12. e5 Nd7 13. f4 b4 14.
Nf3 bxc3 15. bxc3 Qa5 16. Bd2 Rab8 17. Be1 Qa3 18. Rf2 Rb6 19. d4 Rfb8 20. g4 Rb2 21. Qf1 Rxf2 22. Qxf2 Rb2 23. Qh4 Rxa2 24. Rxa2 Qxa2 25.
f5 h6 26. Bd2 cxd4 27. Bxh6 dxc3 28. Bxg7 Kxg7 29. f6+ Kg8 30. Qh6 1-0

[Event "Early-Titled-Tuesday-Blitz-May-07-2024"]
[Site "Chess.com"]
[Date "2024.05.07"]
[Round "2"]
[White "Ruchess27"]
[Black "Hoshka"]
[Result "1-0"]
[WhiteElo "2447"]
[BlackElo "2053"]
[TimeControl "180+1"]
[EndTime "8:18:34 PDT"]
[Termination "Ruchess27 won by resignation"]

1. d4 d5 2. Nf3 Nf6 3. e3 c6 4. Bd3 Bg4 5. O-O e6 6. h3 Bh5 7. b3 Nbd7 8. Bb2 Bd6 9. Nbd2 Qe7 10. a4 e5 11. dxe5 Nxe5 12. Be2 Nxf3+ 13. Nxf3 O-O 14. a5 a6 15. Qd4 Rfe8 16. Qh4 Bg6 17. Bxf6 gxf6 18. Nd4 f5 19. Qxe7 Rxe7 20. Ra4 Rae8 21.
Bd3 f4 22. exf4 Bxd3 23. cxd3 Bxf4 24. Nf5 1-0

[Event "Early-Titled-Tuesday-Blitz-May-07-2024"]
[Site "Chess.com"]
[Date "2024.05.07"]
[Round "2"]
[White "santosalberto1987"]
[Black "Kostukov_Alex"]
[Result "1-0"]
[WhiteElo "2571"]
[BlackElo "2365"]
[TimeControl "180+1"]
[EndTime "8:18:35 PDT"]
[Termination "santosalberto1987 won by resignation"]

1. e4 c5 2. b4 cxb4 3. a3 d5 4. e5 Bf5 5. axb4 e6 6. c3 Nc6 7. d4 f6 8. b5 Nce7 9. Nf3 Ng6 10. h4 fxe5 11. h5 e4 12. hxg6 exf3 13. gxh7 Rxh7 14.
Rxh7 Bxh7 15. Qxf3 Nf6 16. Bg5 Qc7 17. Bxf6 gxf6 18.
Qxf6 Bxb1 19. Rxb1 Qxc3+ 20. Kd1 Kd7 21. b6 a6 22. Be2 Rc8 23. Qg6 Bb4 24. Qd3 Qxd3+ 25. Bxd3 Bc3 26. f4 Bxd4 27. Ke2 Rc6 28. Bxa6 bxa6 29.
b7 Rb6 30. Rxb6 1-0

[Event "Early-Titled-Tuesday-Blitz-May-07-2024"]
[Site "Chess.com"]
[Date "2024.05.07"]
[Round "2"]
[White "kachsona"]
[Black "DrVelja"]
[Result "0-1"]
[WhiteElo "2619"]
[BlackElo "2949"]
[TimeControl "180+1"]
[EndTime "8:18:36 PDT"]
[Termination "DrVelja won by resignation"]

1. Nf3 d5 2. c4 d4 3. g3 Nc6 4.
Bg2 e5 5. d3 Bb4+ 6. Bd2 a5 7.
O-O Nf6 8. Bxb4 axb4 9. Nbd2 O-O 10. Re1 Re8 11. Qc2 h6 12. Nb3 Qd6 13. Nfd2 Bf5 14. Red1 Qe7 15. Nf1 e4 16. dxe4 Nxe4 17. Qd3 Nd6 18.
Qf3 Be4 19. Qf4 g5 20. Qd2 Nxc4 21. Qc1 Bxg2 22. Qxc4 Bxf1 23. Kxf1 Rad8 24. Nxd4 Qe4 25. e3 Nxd4 26. Rxd4 Rxd4 27. Qxd4 Qh1+ 28. Ke2 Qxa1 0-1

[Event "Early-Titled-Tuesday-Blitz-May-07-2024"]
[Site "Chess.com"]
[Date "2024.05.07"]
[Round "2"]
[White "GMAkobianSTL"]
[Black "Bilan_Danila"]
[Result "1-0"]
[WhiteElo "2806"]
[BlackElo "2552"]
[TimeControl "180+1"]
[EndTime "8:18:36 PDT"]
[Termination "GMAkobianSTL won by resignation"]

1. d4 d5 2. c4 c6 3. cxd5 cxd5 4. Nf3 Nf6 5. Nc3 Nc6 6. Bf4 Bf5 7. e3 e6 8. Qb3 Qb6 9. Bb5 Be7 10. O-O O-O 11. Na4 Qa5 12. Bxc6 bxc6 13. Rfc1 Rfc8 14. h3 h6 15. Ne5 c5 16. dxc5 Bxc5 17. Nxc5 Rxc5 18.
Nc6 Rxc1+ 19. Rxc1 Qd2 20. Rd1 Qc2 21. Qxc2 Bxc2 22.
Rc1 Ba4 23. Ne5 Nd7 24. b3 Nxe5 25. Bxe5 Bb5 26. f4 a6 27. a4 Bd3 28. Kf2 Be4 29.
b4 Ra7 30. Rc8+ Kh7 31. Bd4 Rb7 32. b5 axb5 33. a5 b4 34. a6 Rb5 35. a7 Ra5 36.
a8=Q Rxa8 37. Rxa8 1-0